 Dungeon Crawl Stone Soup version 0.26-a0-639-g72c4674329 (webtiles) character file.

Game seed: 9139936750407693795

4482 Lanoc the Arsonist (level 10, -11/50 HPs)
             Began as a Deep Elf Fire Elementalist on Sept 20, 2020.
             Was an Initiate of Gozag.
             Mangled by an orc warrior
             ... wielding a +0 hand axe
              (18 damage)
             ... on level 10 of the Dungeon.
             The game lasted 00:12:57 (9091 turns).

Lanoc the Arsonist (Deep Elf Fire Elementalist)     Turns: 9091, Time: 00:12:58

Health: -11/50     AC:  3    Str:  5    XL:     10   Next: 16%
Magic:  3/16       EV: 18    Int: 24    God:    Gozag
Gold:   1046       SH:  0    Dex: 15    Spells: 5/15 levels left

rFire    + . .     SeeInvis .   o - staff of conjuration
rCold    x . .     Faith    .   (no shield)
rNeg     . . .     Spirit   .   a - +1 robe
rPois    .         Reflect  .   (no helmet)
rElec    .         Harm     .   (no cloak)
rCorr    .         Rampage  .   (no gloves)
MR       +....                  (no boots)
Stlth    ++........             (no amulet)
HPRegen  0.16/turn              v - ring of wizardry
MPRegen  0.15/turn              u - ring of fire

@: gold aura, lightly drained
A: no striking features
a: Potion Petition, Call Merchant, Bribe Branch, Renounce Religion


You were on level 10 of the Dungeon.
You worshipped Gozag.
Gozag was most pleased with you.
You visited 2 branches of the dungeon, and saw 10 of its levels.

You collected 1046 gold pieces.

Inventory:

Missiles
 r - 2 throwing nets (quivered)
Armour
 a - a +1 robe (worn)
Magical Staves
 o - an uncursed staff of conjuration (weapon)
Jewellery
 c - an uncursed ring of protection from magic
 u - a ring of fire (right hand)
 v - a ring of wizardry (left hand)
 w - an uncursed ring of protection from cold
 x - a cursed ring of teleportation {unknown}
Wands
 b - a wand of digging (7)
 t - a wand of polymorph (8)
Scrolls
 d - 6 scrolls of remove curse {unknown}
 e - a scroll of noise {unknown}
 f - 2 scrolls of enchant weapon {unknown}
 g - 2 scrolls of enchant armour
 h - 4 scrolls of identify {unknown}
 i - a scroll of magic mapping {unknown}
 k - 2 scrolls of teleportation {unknown}
 n - 2 scrolls of amnesia {unknown}
 p - a scroll of immolation {unknown}
 q - 2 scrolls of random uselessness {unknown}
 y - a scroll of vulnerability {unknown}
 z - a scroll of fog {unknown}
Potions
 j - 2 potions of curing
 l - a potion of flight {unknown}
 m - a potion of haste
 s - a potion of might


   Skills:
 + Level 9.2(9.1) Dodging
 - Level 2.4(2.3) Stealth
 - Level 3.0(2.9) Spellcasting
 + Level 8.1(8.0) Conjurations
 * Level 11.8(11.6) Fire Magic


You had 5 spell levels left.
You knew the following spells:

 Your Spells              Type           Power        Failure   Level
a - Foxfire               Conj/Fire      ####         1%          1
b - Sticky Flame          Conj/Fire      #######.     1%          4
c - Fireball              Conj/Fire      #######...   2%          5

Your spell library contained the following spells:

 Spells                   Type           Power        Failure   Level
 Magic Dart               Conj           ####         1%          1
 Conjure Flame            Conj/Fire      #######.     1%          3
 Inner Flame              Hex/Fire       #####...     1%          3
 Dazzling Flash           Conj/Hex       ####..       2%          3
 Corona                   Hex            #......      4%          1
 Summon Small Mammal      Summ           #...         4%          1
 Mephitic Cloud           Conj/Pois/Air  ###.....     4%          3
 Blink                    Tloc           N/A          7%          2
 Call Imp                 Summ           #.......     7%          2
 Ensorcelled Hibernation  Hex/Ice        #.....       7%          2
 Slow                     Hex            #.......     7%          2
 Call Canine Familiar     Summ           #.......     13%         3
 Confusing Touch          Hex            #.......     13%         3
 Summon Guardian Golem    Hex/Summ       #.......     13%         3
 Tukima's Dance           Hex            #.......     13%         3
 Summon Ice Beast         Ice/Summ       #.......     38%         4
 Summon Lightning Spire   Summ/Air       #.......     38%         4


Dungeon Overview and Level Annotations

Branches:
Dungeon (10/15)            Temple (1/1) D:5             Orc (0/2) D:9
   Lair: D:8-11

Altars:
Gozag
Kikubaaqudgha
Xom


Message History

You don't have enough magic to cast that spell.
The foxfire hits the orc warrior!
The orc warrior is almost dead.
The foxfire hits the orc priest but does no damage.
The orc priest is lightly wounded.
The orc becomes distracted by the nearby gold, dreaming of imaginary riches.
The orc shouts!
Casting: Foxfire (safe; 1% risk of failure)
Confirm with . or Enter, or press ? or * to list all spells.
You don't have enough magic to cast that spell.
You feel much better. The orc priest misses you.
The orc warrior hits you with a +0 hand axe!
* * * LOW HITPOINT WARNING * * *
As you read the scroll labeled REOTA URPHAUTEE, it crumbles to dust.
It is a scroll of enchant armour.
Your +0 robe glows green for a moment.
The orc priest hits you but does no damage.
The orc warrior hits you with a +0 hand axe!!
You die...
Your body crumbles into a pile of gold.

.. ##+### ...
......######....
................
.......o@.......
................#
...!..$.....#


You could see an orc warrior, an orc priest and an orc.

Vanquished Creatures
  The ghost of aMcNicky the Chopper, a novice PaAK of Lugonu (D:7)
  A deep elf mage (D:7)
  A wyvern (D:8)
  A sky beast (D:7)
  A black bear (D:9)
  5 orc warriors
  5 ogres
  A phantom (D:8)
  3 centaurs
  5 bullfrogs
  2 scorpions
  A wyvern skeleton (D:9)
  3 howler monkeys
  11 wights (D:9)
  3 hounds
  A centaur zombie (D:9)
  2 orc priests
  4 orc wizards
  3 iguanas
  Jessica (D:3)
  Natasha (thrice) (D:3)
  9 worker ants
  A hound skeleton (D:8)
  A worker ant zombie (D:7)
  8 gnolls
  9 adders
  A white imp (D:7)
  2 ufetubi (D:5)
  An ooze (D:2)
  2 adder skeletons
  6 leopard geckos
  21 orcs
  A ball python (D:2)
  4 giant cockroaches
  7 goblins (D:3)
  4 hobgoblins
  3 jackals (D:4)
  3 quokkas
  A ball python zombie (D:5)
  3 bats
  5 frilled lizards
  A kobold (D:3)
  A quokka zombie (D:7)
  4 rats
156 creatures vanquished.

Vanquished Creatures (collateral kills)
  A foxfire (D:1)
1 creature vanquished.

Vanquished Creatures (others)
  886 foxfires
886 creatures vanquished.

Grand Total: 1043 creatures vanquished

Notes
Turn   | Place    | Note
-------+----------+-------------------------------------------
     0 | D:1      | Lanoc the Deep Elf Fire Elementalist began the quest for
                  | the Orb.
     0 | D:1      | Reached XP level 1. HP: 10/10 MP: 6/6
   305 | D:2      | Reached XP level 2. HP: 15/15 MP: 0/8
   475 | D:2      | Reached skill level 4 in Fire Magic
   557 | D:2      | Reached XP level 3. HP: 19/19 MP: 6/9
  1269 | D:3      | Noticed Jessica
  1275 | D:3      | Killed Jessica
  1275 | D:3      | Reached XP level 4. HP: 24/24 MP: 3/10
  1363 | D:3      | Found a faded altar of an unknown god.
  1432 | D:3      | Became a worshipper of Gozag Ym Sagoz the Greedy
  1514 | D:3      | Noticed Natasha
  1529 | D:3      | Killed Natasha
  1599 | D:3      | Noticed Natasha
  1605 | D:3      | Killed Natasha
  1605 | D:3      | Reached skill level 5 in Fire Magic
  1686 | D:3      | Noticed Natasha
  1688 | D:3      | Reached XP level 5. HP: 28/28 MP: 8/11
  1691 | D:3      | Killed Natasha
  2138 | D:4      | Learned a level 4 spell: Sticky Flame
  2273 | D:4      | Reached XP level 6. HP: 10/32 MP: 0/12
  2507 | D:4      | Learned a level 5 spell: Fireball
  2658 | D:4      | Reached skill level 6 in Fire Magic
  3090 | D:4      | Reached skill level 5 in Dodging
  3090 | D:4      | Reached XP level 7. HP: 36/36 MP: 3/13
  3256 | D:5      | Entered Level 5 of the Dungeon
  3313 | D:5      | Reached skill level 7 in Fire Magic
  3521 | D:5      | Found a staircase to the Ecumenical Temple.
  3664 | Temple   | Entered the Ecumenical Temple
  3678 | D:5      | Found an ancient bone altar of Kikubaaqudgha.
  3727 | D:5      | You fall into a shaft and drop 3 floors!
  3979 | D:7      | Reached skill level 5 in Conjurations
  3979 | D:7      | Reached skill level 8 in Fire Magic
  3979 | D:7      | Reached XP level 8. HP: 41/41 MP: 6/14
  4722 | D:7      | Found a large runed translucent door.
  4723 | D:7      | Found a large runed translucent door.
  4725 | D:7      | Noticed aMcNicky's ghost (novice PaAK)
  4790 | D:7      | Found a shimmering altar of Xom.
  4790 | D:7      | Noticed a deep elf mage
  4795 | D:7      | Noticed a sixfirhy
  4796 | D:7      | Killed a deep elf mage
  4796 | D:7      | Reached skill level 9 in Fire Magic
  4991 | D:7      | Killed aMcNicky's ghost
  4991 | D:7      | Reached skill level 10 in Fire Magic
  4991 | D:7      | Reached XP level 9. HP: 27/45 MP: 4/15
  7166 | D:9      | Reached skill level 11 in Fire Magic
  7822 | D:9      | Found a staircase to the Orcish Mines.
  7849 | D:9      | Reached XP level 10. HP: 49/50 MP: 0/16
  8406 | D:9      | Found an opulent altar of Gozag.
  9073 | D:10     | Entered Level 10 of the Dungeon
  9091 | D:10     | Mangled by an orc warrior

Illustrated notes

Levels and vault maps discovered:
D:1:      matt_arrival_refuge, layout_loops_corners, serial_forest,
          infiniplex_forest_clump_curved, infiniplex_forest_lined_corner,
          infiniplex_forest_zigzag_1, infiniplex_forest_straight_3,
          infiniplex_forest_zigzag_1, infiniplex_forest_straight_1,
          infiniplex_forest_clump_C, infiniplex_forest_lined_2,
          infiniplex_forest_clump_double, minmay_pentomino_s4
D:2:      layout_rooms, nicolae_ru_the_path_less_chosen
D:3:      layout_rooms, chequers_ecumenical_altar_simple,
          minmay_goblin_kobold_house, uniq_jessica, uniq_natasha
D:4:      layout_basic
D:5:      layout_gridville, kennysheep_mini_moat, kiku_gazebo_pond_becter,
          minmay_temple_entry_slanted, minmay_misc_feat_roman,
          trog_butcher_becter
D:7:      layout_rooms, ebering_ghost_disaster_area, st_stairs_9,
          david_defended_altar_elf
D:8:      layout_cave_pods, minmay_misc_feat_nine_boxes, st_stairs_11
D:9:      layout_loops_cross, nicolae_overflow_hidden_temple, david_orc_3
D:10:     layout_basic, lair_entry_dummy
Temple:   hc_temple_tempest_star

Skill      XL: |  1  2  3  4  5  6  7  8  9 10 |
---------------+-------------------------------+-----
Fire Magic     | 4 5 6 8 10 11 | 11.8
Dodging        | 3 4 5 6 7 9 |  9.2
Conjurations   | 2 3 4 5 6 7 8 |  8.1
Stealth        | |  2.4
Spellcasting   | |  3.0

Action                   |  1- 3 |  4- 6 |  7- 9 | 10-12 || total
-------------------------+-------+-------+-------+-------++-------
Melee: Unarmed           |     8 |       |       |       ||     8
       Staff             |       |       |    30 |     6 ||    36
 Cast: Foxfire           |    67 |   112 |   312 |    84 ||   575
       Sticky Flame      |       |       |     9 |     1 ||    10
  Use: Potion            |       |       |     6 |     1 ||     7
       Scroll            |       |       |       |     1 ||     1
 Stab: Sleeping          |       |       |     1 |       ||     1
Armor: Robe              |     1 |     2 |     3 |     2 ||     8
       Skin              |       |       |     6 |       ||     6
Dodge: Dodged            |     5 |    17 |   105 |    41 ||   168

Table legend: (Time is in decaauts)
 A = Elapsed time spent in this place.
 B = Non-inter-level travel time spent in this place.
 C = Inter-level travel time spent in this place.
 D = Time resting spent in this place.
 E = Time spent auto-exploring this place.
 F = Levels seen in this place.
 G = Mean time per level.
                   A        B        C        D        E       F      G
               +--------+--------+--------+--------+--------+-----+--------+
         Total |   9073 |   8837 |    236 |    105 |   7471 |  10 |  907.3 |
       Dungeon |   9071 |   8835 |    236 |    105 |   7471 |   9 | 1007.9 |
        Temple |      1 |      1 |      0 |      0 |      0 |   1 |    1.0 |
               +--------+--------+--------+--------+--------+-----+--------+

Top non-repeatable levels by time:
     D:9: 2013 daAuts
     D:8: 1836 daAuts
     D:7: 1479 daAuts
     D:3: 1360 daAuts
     D:4: 1286 daAuts
     D:5: 469 daAuts
     D:2: 310 daAuts
     D:1: 296 daAuts
    D:10: 17 daAuts
  Temple: 1 daAuts
